 Dungeon Crawl Stone Soup version 0.21-a0-621-gc60411f (webtiles) character file.

18 Amnesiac the Insei (level 2, -2/19 HPs)
             Began as an Octopode Transmuter on Dec 23, 2017.
             Slain by a leopard gecko (4 damage)
             ... on level 1 of the Dungeon.
             The game lasted 00:00:29 (633 turns).

Amnesiac the Insei (Octopode Transmuter)             Turns: 633, Time: 00:00:31

Health: -2/19      AC:  1    Str:  9    XL:     2   Next: 70%
Magic:  5/5        EV: 13    Int: 15    God:
Gold:   25         SH:  0    Dex: 12    Spells: 2/5 levels left

rFire    . . .     SeeInvis .     - Unarmed
rCold    . . .     Gourm    .   (no shield)
rNeg     . . .     Faith    .   (helmet restricted)
rPois    .         Spirit   .   (no amulet)
rElec    .         Reflect  .   (no ring)
rCorr    .         Harm     .   (no ring)
MR       .....                  (no ring)
Stlth    ++........             (no ring)
HPRegen  0.06/turn              (no ring)
MPRegen  0.09/turn              (no ring)
                                (no ring)
                                (no ring)

@: no status effects
A: almost no armour, stealthy swim, amphibious, 8 rings, constrict 8, camouflage
1, gelatinous body 1
a: no special abilities


You were on level 1 of the Dungeon.
You were not hungry.

You visited 1 branch of the dungeon, and saw 1 of its levels.

You collected 25 gold pieces.

Inventory:

Missiles
 a - 52 arrows
Scrolls
 d - 3 scrolls of identify {!r, unknown}
 e - 3 scrolls of teleportation {!r, unknown}
 h - a scroll of remove curse {!r, unknown}
Potions
 g - a potion of magic {!q, unknown}
 i - a potion of agility {!q, unknown}
 j - a potion of degeneration {!q, unknown}
Books
 b - a book of Changes

   Spells                             Type                      Level
   a - Beastly Appendage              Transmutation                1
   b - Sticks to Snakes               Transmutation                2
   c - Spider Form                    Transmutation/Poison         3
   d - Ice Form                       Ice/Transmutation            4
   e - Blade Hands                    Transmutation                5
Comestibles
 c - 3 rations


   Skills:
 + Level 1.9 Fighting
 - Level 2.0 Dodging
 - Level 3.0 Unarmed Combat
 - Level 2.0 Spellcasting
 + Level 2.6 Transmutations


You had 2 spell levels left.
You knew the following spells:

 Your Spells              Type           Power        Failure   Level  Hunger
a - Beastly Appendage     Tmut           #.....       8%          1    #......
b - Sticks to Snakes      Tmut           #.......     12%         2    ###....


Dungeon Overview and Level Annotations

Branches:
Dungeon (1/15)

Altars:


Innate Abilities, Weirdness & Mutations

You cannot wear most types of armour.
You are very stealthy in the water. (Stealth+)
You are amphibious.
You can wear up to eight rings at the same time.
You can use your tentacles to constrict eight enemies at once.
Your skin changes colour to match your surroundings (Stealth+).
Your rubbery body absorbs attacks. (AC +1, EV +1)


Message History

* * * LOW HITPOINT WARNING * * *
There are monsters nearby!
You tentacle-slap the hobgoblin but do no damage.
You squeeze the hobgoblin.
You kill the hobgoblin!
A kobold is nearby!
Found a stone staircase leading down.
You see here a club.
A kobold is nearby!
Found a stone staircase leading down.
A kobold is nearby!
A kobold is nearby!
The kobold shouts!
Found a ration.
A kobold is nearby!
The kobold hits you with a club.
* * * LOW HITPOINT WARNING * * *
A kobold is nearby!
You tentacle-slap the kobold. You grab the kobold. You squeeze the kobold.
You kill the kobold!
You now have 25 gold pieces (gained 8).
There is a stone staircase leading down here.
c - 3 rations (gained 1) Key pressed, stopping explore.
No target in view!
Some of the chunks of flesh in your inventory have rotted away.
i - a fuming dark potion {!q} No target in view!
You see here a club.
a - 52 arrows (gained 20)
j - a dark potion {!q} No target in view!
Some of the chunks of flesh in your inventory have rotted away.
Found a ring mail.
No target in view!
A hobgoblin comes into view. It is wielding a club.
The hobgoblin shouts!
A hobgoblin is nearby!
A leopard gecko comes into view.
There are monsters nearby!
The hobgoblin hits you with a club!
* * * LOW HITPOINT WARNING * * *
There are monsters nearby!
The leopard gecko hisses angrily.
You tentacle-slap the hobgoblin but do no damage.
You squeeze the hobgoblin, but do no damage.
The hobgoblin barely misses you.
All of the chunks of flesh in your inventory have rotted away.
There are monsters nearby!
You barely miss the hobgoblin. You grab the hobgoblin.
You constrict the hobgoblin. The hobgoblin hits you with a club.
* * * LOW HITPOINT WARNING * * *
There are monsters nearby!
You are too injured to fight recklessly!
There are monsters nearby!
You are too injured to fight recklessly!
You miss the leopard gecko. You constrict the hobgoblin.
The leopard gecko barely misses you.
Unknown command.
You barely miss the leopard gecko. You grab the leopard gecko.
You constrict the leopard gecko. You constrict the hobgoblin.
You kill the hobgoblin!
The leopard gecko bites you.
You die...

#.# #.#.#........##
.# #.
#.....##.###### #.
#.#.#.##.# # #.
#.....##.# # #.
#.#.#.##.# # #.
#.....##.# # #.
##.......### #
#.####.#####... #
#)@............ #
......l...#.#####...
#.######..#.# #.#
#..#.# #.# #..#.#
#.##### #..#[#
#.##... #..#.#
#.##.## #..#.#
#.##.## #......


You could see a leopard gecko.

Vanquished Creatures
  A dart slug (D:1)
  3 giant cockroaches (D:1)
  4 hobgoblins (D:1)
  A kobold (D:1)
  3 bats (D:1)
  A goblin (D:1)
  3 rats (D:1)
16 creatures vanquished.

Notes
Turn   | Place    | Note
-------+----------+-------------------------------------------
     0 | D:1      | Amnesiac the Octopode Transmuter began the quest for the Orb.
     0 | D:1      | Reached XP level 1. HP: 13/13 MP: 3/3
    82 | D:1      | Reached XP level 2. HP: 3/18 MP: 5/5
    86 | D:1      | Learned a level 2 spell: Sticks to Snakes
   633 | D:1      | Slain by a leopard gecko

Vault maps used:
D:1:      ncdulo_smallfort

Action                   || total
-------------------------++-------
Melee: Unarmed           ||    37
       Constrict         ||    10
       Tentacles         ||     7
       Punch             ||     1
 Stab: Sleeping          ||     1
Armor: Skin              ||     3
Dodge: Dodged            ||    21

Table legend:
 A = Spawn XP
 B = Non-spawn XP
 C = Spawn XP percentage of total XP
 D = Spawn monster count
 E = Non-spawn monster count
 F = Spawn count percentage of total count
 G = Total turns spent on level
                    A         B        C        D         E        F      G
               +---------+---------+-------+---------+---------+-------+---------
         Total |       0 |      27 |   0.0 |       0 |      16 |   0.0 |   633
               +---------+---------+-------+---------+---------+-------+---------
           D:1 |       0 |      27 |   0.0 |       0 |      16 |   0.0 |   633
               +---------+---------+-------+---------+---------+-------+---------
